[Event "Live Chess"]
[Site "Chess.com"]
[Date "2024.06.02"]
[Round "-"]
[White "RichardABates"]
[Black "Silverback7829"]
[Result "1-0"]
[WhiteElo "2327"]
[BlackElo "880"]
[TimeControl "300"]
[EndTime "4:21:55 PDT"]
[Termination "RichardABates won by checkmate"]

1. d4 d5 2. c4 dxc4 3. e4 Nc6 4. Nf3 Bg4 5. Bxc4 e6 6. Be3 Bxf3 7. gxf3 Nf6 8. Nc3 Bb4 9. Rg1 g6 10. Qb3 O-O 11. Bg5 Qd7 12. Bxf6 Nxd4 13. Bxd4 Qxd4 14. Rd1 Qe5 15. Qxb4 b6 16. Qe7 Qxh2 17. Ke2 Qh5 18. Rh1 Qe5 19. Qh4 Qh5 20. Qxh5 gxh5 21. Rxh5 Kh8 22. e5 Rg8 23. Ne4 a5 24. Nf6 Rg7 25. Rdh1 Rd8 26. Rxh7+ Rxh7 27. Rxh7# 1-0

[Event "Live Chess"]
[Site "Chess.com"]
[Date "2024.06.02"]
[Round "-"]
[White "GwaryTek"]
[Black "booktrunk"]
[Result "1-0"]
[WhiteElo "1840"]
[BlackElo "1491"]
[TimeControl "300"]
[EndTime "4:21:59 PDT"]
[Termination "GwaryTek won by resignation"]

1. d4 b6 2. c4 Bb7 3. Nc3 h6 4.
e4 e6 5. f4 Bb4 6. Bd3 Bxc3+ 7.
bxc3 Nf6 8. Qe2 a6 9. Nf3 O-O 10.
e5 Nh7 11. O-O g6 12. Kh1 f6 13. Bxg6 f5 14. Bxh7+ Kxh7 15. Be3 Rg8 16. Bf2 d6 17. Bh4 Qe8 18. Bf6 Qg6 19. Rae1 Nd7 20. Bh4 dxe5 21. fxe5 Qh5 22. Bf2 Qg6 23. Rg1 Rg7 24. Rd1 Rag8 25. d5 exd5 26. cxd5 Qg4 27. Rd4 Qg6 28. c4 c6 29. dxc6 Bxc6 30. Rd6 Bxf3 31. Qxf3 Qe8 32. Qxf5+ Kh8 33. Rxh6+ 1-0

[Event "Live Chess"]
[Site "Chess.com"]
[Date "2024.06.02"]
[Round "-"]
[White "ProfPoisson"]
[Black "FlyingChessKestrel13"]
[Result "0-1"]
[WhiteElo "1317"]
[BlackElo "2078"]
[TimeControl "300"]
[EndTime "4:22:17 PDT"]
[Termination "FlyingChessKestrel13 won on time"]

1. e4 c5 2. Nc3 e6 3. f4 a6 4. Nf3 Nc6 5. a4 Nge7 6. Bc4 Ng6 7.
d3 Be7 8. O-O O-O 9. f5 exf5 10.
exf5 Nge5 11. Nxe5 Nxe5 12. Bb3 Bf6 13. Nd5 b6 14.
Qh5 Bb7 15. Bg5 Bxg5 16. f6 g6 17. Qxg5 Kh8 18. Qh6 Rg8 19. Ne7 d5 20. Rae1 Ng4 21. Qg5 Qd7 22. Nxg8 Rxg8 23. Re7 Qc8 24. Rxf7 c4 25.
dxc4 Qc5+ 26. Kh1 Nf2+ 27. Rxf2 Qxf2 28. Rxh7+ Kxh7 29. h4 dxc4 30. Bxc4 Qf5 31. Bxg8+ Kxg8 32. Qxf5 gxf5 33. Kh2 Kf7 34. Kg3 Kxf6 35. Kf4 Bxg2 36. b4 Be4 37. c4 Bc2 38. a5 bxa5 39. bxa5 Bb3 40. c5 Ke6 41. h5 Kd7 42. h6 Bg8 43.
Kxf5 Bh7+ 44. Kf6 Kc6 45. Kg7 Bb1 46. h7 Bxh7 47. Kxh7 Kxc5 48. Kg6 Kb5 49. Kf5 Kxa5 50. Ke4 Kb4 51. Kd3 Kb3 52. Kd2 Kb2 53. Kd3 a5 54.
Kc4 a4 55. Kb4 a3 0-1

[Event "Live Chess"]
[Site "Chess.com"]
[Date "2024.06.02"]
[Round "-"]
[White "lateforthesky"]
[Black "friarnator"]
[Result "0-1"]
[WhiteElo "2069"]
[BlackElo "2183"]
[TimeControl "300"]
[EndTime "4:22:18 PDT"]
[Termination "friarnator won by resignation"]

1. e4 c6 2. Nf3 d5 3. exd5 cxd5 4. Ne5 a6 5. d4 Nd7 6. Bd3 Nxe5 7. dxe5 e6 8. O-O Bc5 9. Kh1 f5 10. exf6 Nxf6 11. Nc3 O-O 12. Bg5 b5 13. Qe2 Bd7 14. Rae1 b4 15. Nd1 Re8 16. f4 Qc7 17. Ne3 Rf8 18.
f5 Bxe3 19. Qxe3 exf5 20. Bxf6 Rxf6 21. Qd4 Qd6 22. Re5 Be6 23. Rfe1 Bf7 24. h3 g6 25. Re7 a5 26. Bb5 Qb6 27. Qd3 Rd8 28. a4 Kg7 29. Be8 Rxe8 30. Rxe8 Bxe8 31. Rxe8 Re6 32.
Rxe6 Qxe6 33. Qb5 Qe1+ 34. Kh2 Qe5+ 35. Kh1 Qxb2 36. Qxd5 Qxc2 37. Qe5+ Kf7 38. Qd5+ Kf6 39. Qd6+ Kg5 40. Qg3+ Kh5 41. Qf3+ Kh6 42. Qe3+ g5 43. Qe6+ Kh5 44. Qf7+ Kh4 45. Qxh7+ Kg3 46. Qc7+ Qxc7 0-1

[Event "Live Chess"]
[Site "Chess.com"]
[Date "2024.06.02"]
[Round "-"]
[White "MagnersCarlsberg2870"]
[Black "asingardenof"]
[Result "1-0"]
[WhiteElo "1777"]
[BlackElo "621"]
[TimeControl "300"]
[EndTime "4:22:22 PDT"]
[Termination "MagnersCarlsberg2870 won by checkmate"]

1. d4 Nf6 2. Nf3 Nc6 3. e3 d5 4. Bd3 Be6 5. c3 g6 6. Ng5 h6 7.
Nxe6 Qc8 8. Nxf8 Rxf8 9. Nd2 Ne4 10. Nxe4 dxe4 11. Bxe4 Qe6 12. Qf3 f5 13. Bxc6+ Kf7 14. Bd5 Qxd5 15. Qxd5+ e6 16. Qd7+ Kg8 17. Qxe6+ Rf7 18.
Qxg6+ Rg7 19. Qxf5 Rf8 20. Qe6+ Rff7 21. Bd2 Kh7 22.
O-O-O Rxf2 23. Rdf1 Rxf1+ 24. Rxf1 h5 25. Qf5+ Rg6 26.
Qxh5+ Rh6 27. Rf7+ Kg8 28. Qf5 Rxh2 29. Rf8+ Kg7 30.
Qf7+ Kh6 31. Rh8+ Kg5 32. Rxh2 Kg4 33. Qf4# 1-0

[Event "Live Chess"]
[Site "Chess.com"]
[Date "2024.06.02"]
[Round "-"]
[White "Pablo_dmp"]
[Black "uselessduffer"]
[Result "1/2-1/2"]
[WhiteElo "2005"]
[BlackElo "2351"]
[TimeControl "300"]
[EndTime "4:22:29 PDT"]
[Termination "Game drawn by agreement"]

1. e4 g6 2. d4 Bg7 3. Nc3 d6 4. Be3 a6 5. Qd2 b5 6. O-O-O Nd7 7. f3 Bb7 8. Bd3 c5 9. d5 Qa5 10. Kb1 Nb6 11. Nh3 c4 12. Be2 b4 13. Bxb6 Qxb6 14. Na4 Qa5 15. b3 Rc8 16. Qe3 Nf6 17. Qb6 Qxb6 18.
Nxb6 c3 19. Nxc8 Bxc8 20. Nf4 Nd7 21. h4 h6 22. g4 Kd8 23. Nd3 a5 24. Nf4 Kc7 25. Bb5 Ne5 26. Be2 Bd7 27. Nd3 Nxd3 28. Bxd3 Be5 29. Rdf1 Bf4 30. Rf2 a4 31. Bc4 Ra8 32.
Rd1 Kb6 33. h5 g5 34. Re2 f6 35. Rg2 Kc5 36. Re2 1/2-1/2

[Event "Live Chess"]
[Site "Chess.com"]
[Date "2024.06.02"]
[Round "-"]
[White "juniortay"]
[Black "IgorSchukin"]
[Result "1-0"]
[WhiteElo "2364"]
[BlackElo "1769"]
[TimeControl "300"]
[EndTime "4:22:33 PDT"]
[Termination "juniortay won on time"]

1. e4 c5 2. Nf3 e6 3. d4 cxd4 4.
Bg5 Be7 5. Bxe7 Nxe7 6. Qxd4 Nbc6 7. Qxg7 Rg8 8. Qxh7 d5 9. g3 dxe4 10. Qxe4 Qd5 11. Bd3 f5 12. Qxd5 Nxd5 13. O-O Bd7 14. Re1 O-O-O 15. Nbd2 f4 16. Ne5 fxg3 17. fxg3 Nxe5 18.
Rxe5 Nf4 19. Bf1 Bc6 20. Nb3 Rd6 21. Rae1 Bd5 22. Kf2 Ng6 23. R5e2 Rf8+ 24. Kg1 b6 25. Bh3 Kd7 26. Rf2 Rg8 27. Rf7+ Kc6 28. Rxa7 Nh4 29. Nd4+ Kc5 30. c3 Nf3+ 31. Nxf3 Bxf3 32. Rc7+ 1-0

[Event "Live Chess"]
[Site "Chess.com"]
[Date "2024.06.02"]
[Round "-"]
[White "AlanBstard10"]
[Black "elis06"]
[Result "0-1"]
[WhiteElo "1225"]
[BlackElo "2317"]
[TimeControl "300"]
[EndTime "4:22:56 PDT"]
[Termination "elis06 won by checkmate"]

1. b4 e6 2. Bb2 Nf6 3. a3 d5 4.
c4 dxc4 5. e3 c5 6. bxc5 Bxc5 7.
Bxc4 O-O 8. Nc3 Nc6 9. Be2 e5 10.
Nf3 e4 11. Ng1 Be6 12. Bb5 Ne5 13. Nce2 a6 14. Ba4 Nd3+ 15. Kf1 Nxb2 16. Qc2 Nxa4 17. Qxa4 b5 18. Qc2 Bc4 19. Ke1 Rc8 20. Nc3 Bd3 21. Qb3 a5 22. Nge2 b4 23. axb4 axb4 24. Nd1 Bxe2 25. Kxe2 Qd7 26. f3 exf3+ 27. gxf3 Qb5+ 28.
Kf2 Rcd8 29. d4 Rxd4 30. exd4 Bxd4+ 31. Ne3 Bxa1 32. Rxa1 Qh5 33. Kg2 Qg5+ 34. Kf2 Qh4+ 35. Kg2 Nh5 36. Rd1 Nf4+ 37. Kf1 Qxh2 38. Ke1 Qe2# 0-1

[Event "Live Chess"]
[Site "Chess.com"]
[Date "2024.06.02"]
[Round "-"]
[White "Kyrylo7770"]
[Black "GoldsmanB"]
[Result "1-0"]
[WhiteElo "1652"]
[BlackElo "1101"]
[TimeControl "300"]
[EndTime "4:22:57 PDT"]
[Termination "Kyrylo7770 won by checkmate"]

1. d4 Nf6 2. Nf3 e6 3. Bg5 Be7 4. e3 d5 5. h4 Nc6 6. c4 Qd6 7. c5 Qd7 8. Bf4 O-O 9. Nc3 Nb4 10. Ne5 Qd8 11. g3 Ne4 12. Nxe4 dxe4 13. a3 Nc6 14. Qg4 Nxe5 15. Bxe5 Bf6 16. Qxe4 Bxe5 17. Qxe5 f6 18. Qe4 Bd7 19. Bd3 c6 20. Qxh7+ Kf7 21. Bg6+ Ke7 22. Qxg7+ Rf7 23. Qxf7# 1-0

[Event "Live Chess"]
[Site "Chess.com"]
[Date "2024.06.02"]
[Round "-"]
[White "vincents82"]
[Black "Bradfield133"]
[Result "1-0"]
[WhiteElo "1996"]
[BlackElo "1844"]
[TimeControl "300"]
[EndTime "4:23:03 PDT"]
[Termination "vincents82 won by resignation"]

1. e4 c5 2. Nf3 Nc6 3. d4 cxd4 4. Nxd4 g6 5. c4 Nf6 6. Nc3 Nxd4 7. Qxd4 d6 8. Be3 Bg7 9. f3 O-O 10. Qd2 a5 11. Be2 a4 12. O-O Qa5 13. Rfd1 Be6 14.
Rac1 Rfc8 15. Nd5 Qxd2 16. Bxd2 Nxd5 17. cxd5 Bd7 18. b3 axb3 19. axb3 Rxc1 20. Bxc1 Ra1 21. Be3 f5 22. Rxa1 Bxa1 23. Kf1 Kf7 24. Ke1 Bc3+ 25. Kd1 fxe4 26. fxe4 Kf6 27. Kc2 Be5 28. h4 h5 29.
Bg5+ Kf7 30. Bc4 Bf6 31. Kd2 e6 32. dxe6+ Bxe6 33. Bd5 Bxd5 34. exd5 Bxg5+ 35. hxg5 Ke7 36. Kc3 Kd7 37. Kb4 Kc7 38. Kb5 Kb8 39. Kb6 Kc8 40. b4 h4 41. Ka7 Kc7 42. b5 b6 43. Ka6 1-0

[Event "Live Chess"]
[Site "Chess.com"]
[Date "2024.06.02"]
[Round "-"]
[White "Andriy_Yaremovych"]
[Black "matt1979"]
[Result "1-0"]
[WhiteElo "1606"]
[BlackElo "1409"]
[TimeControl "300"]
[EndTime "4:23:08 PDT"]
[Termination "Andriy_Yaremovych won on time"]

1. e4 d6 2. Nc3 Nf6 3. f4 e5 4. f5 Be7 5. Nf3 c6 6. Bc4 O-O 7. d3 b5 8. Bb3 a5 9. a3 Na6 10. Ba2 Nc5 11. Be3 Ncd7 12. h3 Bb7 13. Qd2 d5 14. exd5 cxd5 15. d4 e4 16. Ng1 Bc6 17.
Nce2 b4 18. axb4 Bxb4 19. c3 Bd6 20. O-O-O Qb6 21. g4 h6 22. Nf4 Rab8 23. Nge2 Rfc8 24. Rh2 Ba4 25. Rg1 Bb3 26. Bb1 a4 27. g5 hxg5 28.
Rxg5 a3 29. Ng3 a2 30. Bxa2 Bxa2 31. Rg2 Ba3 32. Ngh5 Rxc3+ 33. Qxc3 Bb4 34. Rxg7+ Kf8 35. Qc2 Rb7 36. Kd1 Rc7 37. Qf2 Qc6 38. Qc2 Qb6 39. Qf2 Qc6 40. Nxf6 Nxf6 41. Bd2 Bxd2 42. Qxd2 Qa4+ 43.
Ke1 Qc4 44. Kf2 Qb3 45. Kg1 Rc1+ 46. Kh2 1-0

[Event "Live Chess"]
[Site "Chess.com"]
[Date "2024.06.02"]
[Round "-"]
[White "DJ_Lambton"]
[Black "halfberg"]
[Result "1-0"]
[WhiteElo "1800"]
[BlackElo "1898"]
[TimeControl "300"]
[EndTime "4:23:11 PDT"]
[Termination "DJ_Lambton won on time"]

1. c4 Nf6 2. g3 g6 3. Bg2 Bg7 4. Nc3 O-O 5. e3 c6 6. Nge2 d5 7. cxd5 cxd5 8. O-O Nc6 9. b3 e5 10. d4 Bg4 11. Qd2 e4 12. Nf4 Bf3 13. Ba3 Re8 14. Rac1 Bxg2 15. Kxg2 g5 16. Nfe2 h5 17. Nb5 Re6 18.
Rc2 a6 19. Nbc3 Bh6 20. Rfc1 Qd7 21. Na4 Ree8 22. Nc5 Qc8 23. Nc3 h4 24. N3a4 Qg4 25. Qe2 Qf5 26. Rf1 Kg7 27. Nb6 hxg3 28. fxg3 Qg6 29.
Nxa8 Rxa8 30. Qf2 Ng4 31. Qe2 Nf6 32. Nxb7 Rh8 33. Nd6 Ne7 34. Qf2 g4 35. Rc7 Neg8 36.
Nxf7 Qxf7 37. Rxf7+ Kxf7 38. Bd6 Bg5 39. Be5 Rh6 40.
Qf5 Rg6 41. Qd7+ Kf8 42. Bxf6 Bxf6 43. Qxd5 Ne7 44. Qxe4 Kg7 45. Rxf6 Kxf6 46. Qe5+ Kf7 47. d5 Rf6 48. d6 Nf5 49. d7 1-0

[Event "Live Chess"]
[Site "Chess.com"]
[Date "2024.06.02"]
[Round "-"]
[White "Harry_Li"]
[Black "Tilbs_12"]
[Result "1-0"]
[WhiteElo "2158"]
[BlackElo "1655"]
[TimeControl "300"]
[EndTime "4:23:18 PDT"]
[Termination "Harry_Li won by resignation"]

1. c4 c5 2. g3 g6 3. Bg2 Nc6 4. Nf3 Bg7 5. O-O e5 6. Nc3 Nf6 7. d3 d6 8. Ne1 O-O 9. Nc2 a5 10. Ne3 Be6 11. Ned5 Rb8 12. a3 Ne7 13. e4 Nc6 14. Rb1 Bxd5 15. exd5 Nd4 16. b4 b6 17. Be3 Ne8 18. Bxd4 exd4 19. Nb5 Nc7 20. Na7 Qf6 21. Nc6 Rb7 22. bxa5 b5 23. a6 Nxa6 24. cxb5 Nb8 25. a4 h5 26. a5 h4 27. a6 1-0

[Event "Live Chess"]
[Site "Chess.com"]
[Date "2024.06.02"]
[Round "-"]
[White "road2gm5000"]
[Black "Grace6363"]
[Result "0-1"]
[WhiteElo "1100"]
[BlackElo "1154"]
[TimeControl "300"]
[EndTime "4:23:24 PDT"]
[Termination "Grace6363 won by resignation"]

1. e4 c5 2. Nf3 Nc6 3. Bb5 g6 4. Bxc6 dxc6 5. d3 Bg4 6. Nc3 Bg7 7. h3 Bxf3 8. Qxf3 Nf6 9. Bd2 O-O 10. O-O Qd7 11.
Na4 b6 12. b3 Rad8 13. Bg5 Nh5 14. Rab1 f6 15. Be3 f5 16. exf5 Rxf5 17. Qe2 Rdf8 18.
g4 Rf3 19. Kg2 Nf4+ 20. Bxf4 R3xf4 21. Rbe1 Qd5+ 22. Kg1 Bd4 23. c4 Qf3 24. Qxf3 Rxf3 25. Re2 Rxh3 26. Kg2 Rhf3 27. Nb2 Bxb2 28. Rxb2 h5 29.
gxh5 gxh5 30. Rd2 h4 31. Re1 h3+ 32. Kg1 R8f7 33. Re3 Rg7+ 34. Kh2 Rg2+ 35. Kh1 Rxe3 0-1

[Event "Live Chess"]
[Site "Chess.com"]
[Date "2024.06.02"]
[Round "-"]
[White "RamsayFlayer"]
[Black "Victor_Bondar"]
[Result "1-0"]
[WhiteElo "1924"]
[BlackElo "1459"]
[TimeControl "300"]
[EndTime "4:23:25 PDT"]
[Termination "RamsayFlayer won on time"]

1. e4 d5 2. exd5 Qxd5 3. Nc3 Qa5 4. d4 Nf6 5. Nf3 Bg4 6. h3 Bh5 7. g4 Bg6 8. Ne5 c6 9. Bc4 e6 10. Nxg6 hxg6 11. Qf3 Nbd7 12. Bd2 Qc7 13. Ne4 Nxe4 14. Qxe4 Nf6 15. Qf3 O-O-O 16. c3 c5 17. Bf4 Bd6 18.
Bxd6 Rxd6 19. dxc5 Qxc5 20. Bb3 Qe5+ 21. Qe2 Nxg4 22.
Qxe5 Nxe5 23. Ke2 Rhd8 24. Rad1 Rxd1 25. Rxd1 Rh8 26. f4 Nd7 27. Rd3 Rh4 28. Rf3 Kc7 29. Kf2 Nf6 30. Kg3 Rh5 31. Re3 Kd6 32.
Rd3+ Ke7 33. Rd4 g5 34. fxg5 Rxg5+ 35. Kf3 Rf5+ 36. Ke3 Rh5 37. h4 Re5+ 38. Kf3 Nd7 39. Rb4 b6 40. Ba4 Nc5 41. Bc6 Nd3 42. Rd4 Nxb2 43.
Rd7+ Kf6 44. Rxa7 Nc4 45. Rb7 Re3+ 46. Kf2 Rxc3 47. Be8 Nd6 48. Rb8 Nxe8 49. Rxe8 Rc2+ 50. Ke3 Rxa2 51. Rb8 Rh2 52. Rxb6 Rxh4 53. Kf3 Rh5 54. Kg3 g5 55. Rb4 Kf5 56. Rc4 e5 57. Kf2 f6 58.
Rc8 Rh4 59. Rc3 Rf4+ 60. Ke2 g4 61. Rg3 1-0

[Event "Live Chess"]
[Site "Chess.com"]
[Date "2024.06.02"]
[Round "-"]
[White "KeithArkell"]
[Black "mrsmarple1968"]
[Result "1-0"]
[WhiteElo "2418"]
[BlackElo "1737"]
[TimeControl "300"]
[EndTime "4:24:28 PDT"]
[Termination "KeithArkell won by resignation"]

1. d4 d5 2. Nf3 Nf6 3. c4 e6 4. cxd5 exd5 5. Nc3 c6 6. Qc2 Bd6 7.
Bg5 O-O 8. e3 Re8 9. Bd3 h6 10.
Bh4 Be7 11. O-O Bg4 12. Ne5 Be6 13. Bf5 Nbd7 14. Bxe6 fxe6 15. Qg6 Rf8 16. f4 Bd6 17. Rf3 Qe8 18. Qd3 c5 19. Rg3 Bxe5 20. dxe5 Nh7 21. Nb5 Rb8 22. Qe2 Qf7 23. Nd6 1-0

[Event "Live Chess"]
[Site "Chess.com"]
[Date "2024.06.02"]
[Round "-"]
[White "JanMur7"]
[Black "Dhaydon19"]
[Result "0-1"]
[WhiteElo "2290"]
[BlackElo "2648"]
[TimeControl "300"]
[EndTime "4:24:56 PDT"]
[Termination "Dhaydon19 won by resignation"]

1. d4 e6 2. c4 d5 3. Nc3 Nf6 4. Bg5 dxc4 5. e3 Be7 6. Bxc4 O-O 7. Nf3 a6 8. a4 Nbd7 9. O-O b6 10. Rc1 Bb7 11.
Bd3 c5 12. Qc2 cxd4 13. Nxd4 h6 14. Bh4 Nc5 15. Be2 Rc8 16. Bf3 Bxf3 17. Nxf3 Qd3 18.
Qxd3 Nxd3 19. Rb1 Rfd8 20. Nd4 g5 21. Bg3 Nd5 22. Nxd5 Rxd5 23. Rfd1 Nb4 24. Rbc1 Rxc1 25. Rxc1 Bc5 26. Nb3 Nd3 27. Rb1 Nxb2 28. Nxc5 bxc5 29. Kf1 Nc4 30. Rc1 Nd2+ 31. Ke2 Ne4 32. f3 Nxg3+ 33. hxg3 f5 34. g4 Kf7 35. gxf5 exf5 36. Rc4 Ke6 37. Rc1 Kd6 38. Rh1 c4 39. Rxh6+ Kc5 40. Rxa6 Kb4 41. Rc6 c3 42. g4 Rd2+ 43.
Ke1 fxg4 44. fxg4 Ra2 45. e4 Rxa4 46. Ke2 Ra2+ 47. Kd3 Rd2+ 48. Ke3 Rd1 49. Ke2 Rd4 50. Ke3 Rc4 51. Rb6+ Ka3 52. Kd3 c2 53. Ra6+ Kb4 54. Rb6+ Kc5 0-1

[Event "Live Chess"]
[Site "Chess.com"]
[Date "2024.06.02"]
[Round "-"]
[White "JohanKjeldahl"]
[Black "RichardABates"]
[Result "0-1"]
[WhiteElo "1792"]
[BlackElo "2328"]
[TimeControl "300"]
[EndTime "4:25:03 PDT"]
[Termination "RichardABates won by checkmate"]

1. c4 g6 2. Nc3 Bg7 3. d4 Nf6 4. e4 c6 5. f3 d6 6. Be3 O-O 7. Qd2 a6 8. Bd3 b5 9. cxb5 axb5 10. a3 b4 11. Nb1 bxa3 12. Rxa3 Rxa3 13. Nxa3 Ba6 14. Ne2 e5 15. Bxa6 Nxa6 16. dxe5 dxe5 17. Qxd8 Rxd8 18. Kf2 Nb4 19. Nc4 Nd3+ 20. Kg3 Nh5+ 21. Kh3 Nhf4+ 22. Bxf4 exf4 23. Rb1 Nf2+ 24. Kh4 Bf6# 0-1

[Event "Live Chess"]
[Site "Chess.com"]
[Date "2024.06.02"]
[Round "-"]
[White "Duke_of_Bebington"]
[Black "slava_ukr"]
[Result "0-1"]
[WhiteElo "1636"]
[BlackElo "2411"]
[TimeControl "300"]
[EndTime "4:25:13 PDT"]
[Termination "slava_ukr won by resignation"]

1. e4 c5 2. c3 e5 3. Nf3 Nc6 4. d4 cxd4 5. cxd4 exd4 6. Nxd4 Nf6 7. Nc3 Bb4 8. Nxc6 dxc6 9. Qxd8+ Kxd8 10. Bg5 h6 11.
Bxf6+ gxf6 12. O-O-O+ Ke7 13. Ne2 Be6 14. Kb1 Rad8 15.
Rxd8 Rxd8 16. Ng3 Rd1+ 17. Kc2 Rd2+ 18. Kb1 Rxf2 19. Bd3 Rxg2 20. Nf5+ Bxf5 21. exf5 Bd6 22. h4 Be5 0-1

[Event "Live Chess"]
[Site "Chess.com"]
[Date "2024.06.02"]
[Round "-"]
[White "Ferrarifan27"]
[Black "NottheBishopSacrifice"]
[Result "1-0"]
[WhiteElo "2176"]
[BlackElo "2316"]
[TimeControl "300"]
[EndTime "4:25:15 PDT"]
[Termination "Ferrarifan27 won by checkmate"]

1. e4 c6 2. d4 d5 3. e5 c5 4.
dxc5 e6 5. Qg4 h5 6. Qg3 Ne7 7. b4 Nf5 8. Qb3 a5 9. c3 Bd7 10. Nf3 Nc6 11. Bd3 axb4 12. cxb4 Ncd4 13. Nxd4 Nxd4 14.
Qb2 Nb5 15. O-O Be7 16. Nc3 Nxc3 17. Qxc3 g6 18. f4 O-O 19. a3 Rc8 20. Qc2 Kg7 21.
Qd2 Rh8 22. Bb2 b6 23. f5 gxf5 24.
Bxf5 bxc5 25. bxc5 Bxc5+ 26. Kh1 Bb5 27. Bd3 Bxd3 28.
Qxd3 Qb6 29. Rab1 h4 30. Qf3 Qa7 31. Qf6+ Kg8 32. Rf4 Rh7 33. Rg4+ Kf8 34. Rxh4 Rxh4 35. Qxh4 Rb8 36. Qh8+ Ke7 37. Qf6+ Ke8 38. h4 Bxa3 39. h5 Bxb2 40. Re1 Qa5 41. Rf1 Qc7 42. Qh8+ Ke7 43.
Rxf7+ Kxf7 44. Qh7+ Kf8 45. Qxc7 Re8 46. Qd6+ Kf7 47.
g4 d4 48. Kg2 Ra8 49. Qd7+ Kf8 50. Qxe6 d3 51. Qd6+ Kg7 52. Qxd3 Bxe5 53. Qd7+ Kh8 54.
Qe6 Bg7 55. h6 Ba1 56. g5 Rg8 57. g6 Bb2 58. Qf7 Bg7 59. hxg7+ Rxg7 60. Qf8+ Rg8 61. Qh6# 1-0

[Event "Live Chess"]
[Site "Chess.com"]
[Date "2024.06.02"]
[Round "-"]
[White "Hoogleboogle"]
[Black "StoreySniper"]
[Result "0-1"]
[WhiteElo "1309"]
[BlackElo "2500"]
[TimeControl "300"]
[EndTime "4:25:23 PDT"]
[Termination "StoreySniper won by checkmate"]

1. d4 e5 2. dxe5 Nc6 3. Nf3 Bc5 4. e3 Qe7 5. Nc3 Nxe5 6. Nxe5 Qxe5 7. Bd3 Nf6 8. O-O d5 9. Ne2 O-O 10. c3 Bg4 11. h3 Bh5 12. g4 Nxg4 13. hxg4 Bxg4 14.
Qe1 Qh5 15. Ng3 Qh3 16. f3 Bd6 17. fxg4 Bxg3 18. Qe2 Rae8 19. Qg2 Qxg4 20. Be2 Qg6 21. Rf3 Bd6 22. Qxg6 fxg6 23. Rxf8+ Kxf8 24. Bd2 Bc5 25. Rf1+ Ke7 26. Rf3 c6 27. Kf2 h5 28. Rg3 Rf8+ 29. Bf3 Rf6 30. b4 Bd6 31. Rg2 h4 32. Rg1 Bg3+ 33. Kg2 g5 34. a4 g4 35. Bxg4 Rf2+ 36.
Kh3 Rh2# 0-1

[Event "Live Chess"]
[Site "Chess.com"]
[Date "2024.06.02"]
[Round "-"]
[White "Kyrylo7770"]
[Black "vincents82"]
[Result "0-1"]
[WhiteElo "1650"]
[BlackElo "1998"]
[TimeControl "300"]
[EndTime "4:25:34 PDT"]
[Termination "vincents82 won by checkmate"]

1. d4 d5 2. Nf3 Nf6 3. Bg5 c6 4. e3 Bf5 5. c3 e6 6. Bd3 Bxd3 7.
Qxd3 Nbd7 8. h4 h6 9. Bf4 Be7 10.
Nbd2 O-O 11. Be5 Nxe5 12. Nxe5 Nd7 13. Nef3 Bd6 14. g4 e5 15. Qf5 e4 16. g5 exf3 17.
gxh6 g6 18. Qxf3 Kh7 19. h5 Qf6 20. hxg6+ fxg6 21. Qg3 Bxg3 22. fxg3 Qf2+ 23. Kd1 Qxe3 24. Kc2 Rf2 25. Rad1 Nb6 26. Kb3 Rxd2 27. Rde1 Re2 28.
Ref1 Qd2 29. Rf7+ Kh8 30. Kb4 Qxb2+ 31. Kc5 Qa3# 0-1

[Event "Live Chess"]
[Site "Chess.com"]
[Date "2024.06.02"]
[Round "-"]
[White "ClassyChameleon"]
[Black "Bodhanas"]
[Result "0-1"]
[WhiteElo "1531"]
[BlackElo "2340"]
[TimeControl "300"]
[EndTime "4:25:54 PDT"]
[Termination "Bodhanas won on time"]

1. e4 c6 2. Nf3 d5 3. e5 Bf5 4. d4 e6 5. Nc3 Nd7 6. Be2 Bb4 7. Bd2 Ne7 8. O-O Bxc3 9. Bxc3 O-O 10. h3 c5 11. Nh2 cxd4 12. Qxd4 Nc6 13. Qd2 Ndxe5 14. Bxe5 Nxe5 15. c3 Nc6 16. Bg4 Bxg4 17.
Nxg4 d4 18. cxd4 Qxd4 19. Qc2 Rac8 20. Rad1 Qb6 21. b3 Rfd8 22. Qe4 Qb4 23. Qe3 a6 24.
Ne5 Nxe5 25. Rxd8+ Rxd8 26. Qxe5 h6 27. Qc7 Rd5 28. Qc2 Qc5 29. Qe2 b5 30. Rd1 Rxd1+ 31. Qxd1 Qd5 32. Qc2 Qd7 33. Qe4 Qd6 34. Qe3 Kh7 35.
h4 f5 36. g3 Kg6 37. Qe2 Kf6 38. Qh5 Qd7 39. g4 fxg4 40. Qxg4 g5 41. hxg5+ hxg5 42. Qf3+ Ke7 43. Qa8 Qd1+ 44. Kg2 Qd6 45. Qb7+ Kf6 0-1

[Event "Live Chess"]
[Site "Chess.com"]
[Date "2024.06.02"]
[Round "-"]
[White "friarnator"]
[Black "booktrunk"]
[Result "1-0"]
[WhiteElo "2184"]
[BlackElo "1491"]
[TimeControl "300"]
[EndTime "4:26:42 PDT"]
[Termination "friarnator won by checkmate"]

1. d4 b6 2. Nc3 Bb7 3. e4 h6 4. f3 a6 5. Be3 e6 6. Qd2 Be7 7.
O-O-O Bg5 8. f4 Be7 9. Nf3 d6 10.
Kb1 Bc6 11. d5 exd5 12. exd5 Bd7 13. Bd4 Nf6 14. Bd3 O-O 15. h3 c5 16. dxc6 Bxc6 17.
Rdf1 Bd7 18. g4 Nc6 19. g5 hxg5 20. Bxf6 gxf6 21. fxg5 fxg5 22. Rfg1 f6 23. Qe2 Ne5 24. Qe4 Nxd3 25. Qg6+ Kh8 26. Qh6+ Kg8 27. Qg6+ Kh8 28. cxd3 Qe8 29. Qh6+ Kg8 30. Ne4 Bf5 31. Nfxg5 fxg5 32. Nxg5 Bxg5 33. Rxg5+ Bg6 34. Rxg6+ Kf7 35. Rg7# 1-0

[Event "Live Chess"]
[Site "Chess.com"]
[Date "2024.06.02"]
[Round "-"]
[White "Crowded_House"]
[Black "Zhevzh1k7"]
[Result "1-0"]
[WhiteElo "1662"]
[BlackElo "1106"]
[TimeControl "300"]
[EndTime "4:27:16 PDT"]
[Termination "Crowded_House won by checkmate"]

1. d4 Nf6 2. Bg5 e6 3. e3 h6 4.
Bh4 d5 5. Bd3 Nbd7 6. Nd2 Be7 7.
c3 c6 8. Ngf3 O-O 9. O-O Nb6 10.
Qc2 Nfd7 11. Bxe7 Qxe7 12. Rfe1 c5 13. dxc5 Nxc5 14. Be2 Ncd7 15. Nb3 Nf6 16. Red1 Bd7 17. Bd3 Rac8 18. Ne5 Nc4 19. Nxd7 Nxd7 20. Bxc4 dxc4 21.
Nd4 Nb6 22. Nf3 Rfd8 23. Rxd8+ Rxd8 24. Rd1 Rxd1+ 25. Qxd1 Qd7 26. Qxd7 Nxd7 27. Nd4 Kf8 28. Kf1 Ke7 29. Ke2 e5 30. Nf5+ Kf6 31. Nd6 b6 32.
Ne8+ Kf5 33. Nxg7+ Kg6 34. Ne8 f5 35. Nd6 Nc5 36.
Nxc4 b5 37. Nxe5+ Kf6 38. Nc6 a6 39. b4 Na4 40. Kd2 Ke6 41. Nb8 Kd5 42. Nxa6 Kc4 43.
f3 Nxc3 44. g3 Nxa2 45. e4 Nxb4 46. Nxb4 Kxb4 47. exf5 Ka3 48. f6 b4 49. f7 b3 50. f8=Q+ Kb2 51. Qf6+ Ka2 52. Kc3 b2 53. Qa6+ Kb1 54. Qb5 Kc1 55. Qxb2+ Kd1 56. Qd2# 1-0

[Event "Live Chess"]
[Site "Chess.com"]
[Date "2024.06.02"]
[Round "-"]
[White "matt1979"]
[Black "RamsayFlayer"]
[Result "0-1"]
[WhiteElo "1408"]
[BlackElo "1925"]
[TimeControl "300"]
[EndTime "4:27:58 PDT"]
[Termination "RamsayFlayer won by resignation"]

1. f4 d5 2. e3 Nc6 3. Bb5 Bd7 4.
Nf3 a6 5. Bxc6 Bxc6 6. Ne5 Qd6 7. O-O Nf6 8. d3 Nd7 9. b3 Nxe5 10. fxe5 Qxe5 11.
c3 O-O-O 12. d4 Qe6 13. Nd2 g6 14. Nf3 Bh6 15. Ne5 f6 16. Ng4 Bg7 17. Qe2 h5 18. Nf2 Bh6 19. c4 f5 20. Bd2 f4 21. cxd5 Bxd5 22. Rfe1 Qf6 23. Rac1 f3 24. gxf3 Bxf3 25.
Qf1 Qg5+ 0-1

[Event "Live Chess"]
[Site "Chess.com"]
[Date "2024.06.02"]
[Round "-"]
[White "Velocity"]
[Black "CarmelJane"]
[Result "0-1"]
[WhiteElo "1713"]
[BlackElo "2050"]
[TimeControl "300"]
[EndTime "4:28:09 PDT"]
[Termination "CarmelJane won by checkmate"]

1. e4 c5 2. Nf3 e6 3. d4 cxd4 4. Nxd4 Nf6 5. Nc3 Nc6 6. Be3 Bb4 7. Qd2 d5 8. exd5 Nxd5 9. Nb3 O-O 10. Bc4 Nxe3 11. Qxe3 Qh4 12. Bd3 e5 13. O-O Be6 14. Be4 f5 15. Bxc6 bxc6 16. Qxe5 Rae8 17. Qg3 Qf6 18. Na4 f4 19. Qd3 Qg5 20. c3 f3 21.
g3 Qh5 22. Rfe1 Ba5 23. Nxa5 Qxa5 24. b3 Qh5 25. Nc5 Qxc5 26. b4 Qh5 27. Qf1 Bf5 28.
Red1 Qg6 29. Rd4 Bc2 30. Rc1 Re2 31. Rf4 Rfe8 32. Qh3 Re1+ 33. Qf1 Rxf1+ 34. Rxf1 Qe6 35. h4 Bd3 36. Rd1 Qe2 37. Ra1 Bc4 38. Rxc4 Qxc4 39. a4 Qe2 40. Kh2 Rd8 41. h5 Rd2 42.
Kh3 Qxf2 43. Kg4 Qg2 44. Kf4 f2 45. Ra3 f1=Q+ 46. Ke3 Qff2# 0-1